 Dungeon Crawl Stone Soup version 0.24.0-1-gfbc8707122 (webtiles) character file.

Game seed: 13166551551250155887, levelgen mode: deterministic

65 stripedtigrrr the Chopper (level 3, -4/34 HPs)
             Began as a Minotaur Berserker on Oct 27, 2019.
             Was a Follower of Trog.
             Slain by Sigmund
             ... wielding a +0 scythe
              (8 damage)
             ... on level 2 of the Dungeon.
             The game lasted 00:03:48 (1232 turns).

stripedtigrrr the Chopper (Minotaur Berserker)      Turns: 1232, Time: 00:03:48

Health: -4/34      AC:  6    Str: 21    XL:     3   Next: 94%
Magic:  2/2        EV: 10    Int:  4    God:    Trog [*.....]
Gold:   109        SH:  0    Dex: 10    Spells: 2/2 levels left

rFire    . . .     SeeInvis .   a - +0 hand axe
rCold    . . .     Gourm    .   (no shield)
rNeg     . . .     Faith    .   t - +0 scale mail
rPois    .         Spirit   .   (helmet restricted)
rElec    .         Reflect  .   (no cloak)
rCorr    .         Harm     .   (no gloves)
MR       .....                  (no boots)
Stlth    ..........             (no amulet)
HPRegen  0.11/turn              (no ring)
MPRegen  0.08/turn              (no ring)

@: confused
A: retaliatory headbutt, horns 2
a: Berserk, Renounce Religion


You were on level 2 of the Dungeon.
You worshipped Trog.
Trog was aware of your devotion.
You were not hungry.

You visited 1 branch of the dungeon, and saw 2 of its levels.

You collected 109 gold pieces.

Inventory:

Hand Weapons
 a - a +0 hand axe (weapon)
Missiles
 p - 40 stones (quivered)
 q - 5 javelins
Armour
 b - a +0 animal skin
 d - a +0 chain mail
 t - a +0 scale mail (worn)
Jewellery
 h - an uncursed ring of flight {unknown}
 n - a cursed -3 ring of protection {unknown}
Scrolls
 k - 2 scrolls of identify {unknown}
 m - 3 scrolls of teleportation {unknown}
 r - a scroll of enchant armour {unknown}
 s - a scroll of enchant weapon {unknown}
 v - a scroll of remove curse {unknown}
Potions
 e - a potion of cancellation {unknown}
 f - 3 potions of mutation {unknown}
 g - a potion of curing {unknown}
 i - a potion of brilliance {unknown}
 j - 3 potions of berserk rage {unknown}
 l - a potion of heal wounds {unknown}
 o - a potion of invisibility {unknown}
Comestibles
 c - 4 rations
 u - a chunk of flesh


   Skills:
 + Level 4.3 Fighting
 * Level 5.0 Axes
 + Level 2.6 Armour
 + Level 2.7 Dodging


You had 2 spell levels left.
You didn't know any spells.
Your spell library was empty.

Dungeon Overview and Level Annotations

Branches:
Dungeon (2/15)

Altars:
Cheibriados

Annotations:
D:2 Sigmund


Innate Abilities, Weirdness & Mutations

You reflexively headbutt those who attack you in melee.
You have a pair of horns on your head.


Message History

A puff of flame appears from out of thin air!
The puff of flame hits you.
You hit something. Something hits you!
Your scale mail prevents you from hitting something.
You headbutt something. You miss something.
You hear some strange, mumbled words.
You are confused.
A magic dart appears from out of thin air!
The magic dart hits you.
* * * LOW HITPOINT WARNING * * *
Something hits you.
* * * LOW HITPOINT WARNING * * *
You bump into the rock wall.
You hear some strange, mumbled words.
You are more confused.
You bump into the rock wall.
Something hits you but does no damage.
You miss something.
You're too confused to move!
Something hits you!
You die...

#### #........ #..#
#........ #..##
#........ #...#
#.....>.. ##..#
#........ #..#
#........
#..########...?....
#.......@{.........
#...#######..##...#
#..### ###..###.#.#
##...###........#.###
#....##............
##....#......#..#
##...#.........#
#._.......#...##
#...#.....##...#


There were no monsters in sight!

Vanquished Creatures
  Natasha (D:2)
  An adder (D:2)
  An ooze (D:1)
  3 worms (D:2)
  A leopard gecko (D:1)
  3 ball pythons (D:1)
  A goblin (D:1)
  2 hobgoblins
  6 bats
  2 frilled lizards (D:1)
  3 rats (D:1)
24 creatures vanquished.

Notes
Turn   | Place    | Note
-------+----------+-------------------------------------------
     0 | D:1      | stripedtigrrr the Minotaur Berserker began the quest for
                  | the Orb.
     0 | D:1      | Reached XP level 1. HP: 19/19 MP: 0/0
   263 | D:1      | Reached XP level 2. HP: 26/27 MP: 1/1
   289 | D:1      | Reached skill level 4 in Axes
  1021 | D:2      | Reached XP level 3. HP: 29/33 MP: 2/2
  1160 | D:2      | Noticed Natasha
  1164 | D:2      | Killed Natasha
  1164 | D:2      | Reached skill level 5 in Axes
  1181 | D:2      | Found a snail-covered altar of Cheibriados.
  1211 | D:2      | Noticed Sigmund
  1232 | D:2      | Slain by Sigmund

Levels and vault maps discovered:
D:1:      nzn_arrival_settlement, layout_basic, minmay_shallow_snake_nest
D:2:      layout_rooms, cheibriados_altar_1, uniq_sigmund, uniq_natasha

Skill      XL: |  1  2  3 |
---------------+----------+-----
Axes           | 4 5 |  5.0
Fighting       | 4 |  4.3
Armour         | |  2.6
Dodging        | |  2.7

Action                   || total
-------------------------++-------
Melee: Hand axe          ||    53
       Headbutt          ||     9
 Stab: Sleeping          ||     1
  Eat: Chunk             ||     1
Armor: Animal skin       ||     4
       Scale mail        ||     5
Dodge: Dodged            ||    29
